TOP OF THE 1ST |
Kansas City Kings batting - Pitching for Kalamazoo Royale with Cheese : RHP Miguel Angel Rodríguez
|
Pitching: RHP Miguel Angel Rodríguez
|
|
Batting: RHB Chris Chandler
|
0-0: Ground out 5-3 (Groundball, 56S)
|
Batting: SHB António De La Cruz
|
0-0: Called Strike 0-1: Ground out 4-3 (Groundball, 4)
|
Batting: RHB Toshimichi Kono
|
0-0: Fly out, F8 (Flyball, 8LD)
|
Top of the 1st over - 0 run(s), 0 hit(s), 0 error(s), 0 left on base; Kansas City 0 - Kalamazoo 0 |
BOTTOM OF THE 1ST |
Kalamazoo Royale with Cheese batting - Pitching for Kansas City Kings : LHP Jesús López
|
Pitching: LHP Jesús López
|
|
Batting: RHB Jonathan MacVey
|
0-0: Called Strike 0-1: SINGLE (Groundball, 6MD)
|
Batting: RHB Arturo Rodríguez
|
0-0: Ball 1-0: Foul Ball, location: 2F 1-1: Ball 2-1: Grounds into double play, 4-6-3 (Groundball, 4)
|
Batting: RHB Miguel Encarnación
|
0-0: Ball 1-0: Foul Ball, location: 2F 1-1: Ground out 5-3 (Groundball, 56S)
|
Bottom of the 1st over - 0 run(s), 1 hit(s), 0 error(s), 0 left on base; Kansas City 0 - Kalamazoo 0 |
TOP OF THE 2ND |
Kansas City Kings batting - Pitching for Kalamazoo Royale with Cheese : RHP Miguel Angel Rodríguez
|
Batting: LHB Pablo Reyes
|
0-0: Fly out, F7 (Flyball, 7S)
|
Batting: SHB José Cruz
|
0-0: Ball 1-0: Foul Ball, location: 2F 1-1: Ball 2-1: Ball 3-1: Fly out, F7 (Flyball, 7)
|
Batting: LHB Brian Boone
|
0-0: Ground out U3 (Groundball, 3L)
|
Top of the 2nd over - 0 run(s), 0 hit(s), 0 error(s), 0 left on base; Kansas City 0 - Kalamazoo 0 |
BOTTOM OF THE 2ND |
Kalamazoo Royale with Cheese batting - Pitching for Kansas City Kings : LHP Jesús López
|
Batting: LHB Robinson Fernández
|
0-0: Called Strike 0-1: Ball 1-1: Foul Ball, location: 2F 1-2: Strikes out swinging
|
Batting: RHB Andy Aiton
|
0-0: Ball 1-0: Fly out, F8 (Flyball, 8LD)
|
Batting: RHB Run-ming Zhu
|
0-0: Ball 1-0: Foul Ball, location: 2F 1-1: Fly out, F7 (Flyball, 78S)
|
Bottom of the 2nd over - 0 run(s), 0 hit(s), 0 error(s), 0 left on base; Kansas City 0 - Kalamazoo 0 |
TOP OF THE 3RD |
Kansas City Kings batting - Pitching for Kalamazoo Royale with Cheese : RHP Miguel Angel Rodríguez
|
Batting: LHB Ray Spencer
|
0-0: Called Strike 0-1: SINGLE (Line Drive, 8RS)
|
Batting: RHB Eric Fuller
|
0-0: Ball Ray Spencer is caught stealing 2nd base 1-0: Ball 2-0: Called Strike 2-1: Swinging Strike 2-2: Strikes out swinging
|
Batting: RHB Raúl Bruno
|
0-0: SINGLE (Groundball, 3D)
|
Batting: RHB Chris Chandler
|
0-0: Called Strike 0-1: Swinging Strike 0-2: Ball 1-2: Fly out, F6 (Line Drive, 6D)
|
Top of the 3rd over - 0 run(s), 2 hit(s), 0 error(s), 1 left on base; Kansas City 0 - Kalamazoo 0 |
BOTTOM OF THE 3RD |
Kalamazoo Royale with Cheese batting - Pitching for Kansas City Kings : LHP Jesús López
|
Batting: LHB Vincente Sáenz
|
0-0: Swinging Strike 0-1: Called Strike 0-2: Ball 1-2: Ball 2-2: Foul Ball, location: 2F 2-2: Strikes out swinging
|
Batting: LHB David Richardson
|
0-0: Ball 1-0: Reached on error, E4 (Groundball, 4M)
|
Batting: RHB Pedro Rosado
|
0-0: Called Strike 0-1: Ground out 4-3 (Groundball, 4) David Richardson to third
|
Batting: RHB Jonathan MacVey
|
0-0: Swinging Strike 0-1: Ground out 4-3 (Groundball, 4MS)
|
Bottom of the 3rd over - 0 run(s), 0 hit(s), 1 error(s), 1 left on base; Kansas City 0 - Kalamazoo 0 |
TOP OF THE 4TH |
Kansas City Kings batting - Pitching for Kalamazoo Royale with Cheese : RHP Miguel Angel Rodríguez
|
Batting: SHB António De La Cruz
|
0-0: Foul Ball, location: 2F 0-1: Ball 1-1: SINGLE (Groundball, 34S) (infield hit)
|
Batting: RHB Toshimichi Kono
|
0-0: Foul Ball, location: 2F 0-1: Grounds into double play, 5-4-3 (Groundball, 56)
|
Batting: LHB Pablo Reyes
|
0-0: Called Strike 0-1: Ground out 4-3 (Groundball, 4)
|
Top of the 4th over - 0 run(s), 1 hit(s), 0 error(s), 0 left on base; Kansas City 0 - Kalamazoo 0 |
BOTTOM OF THE 4TH |
Kalamazoo Royale with Cheese batting - Pitching for Kansas City Kings : LHP Jesús López
|
Batting: RHB Arturo Rodríguez
|
0-0: Bunted foul 0-1: Ball 1-1: SINGLE (Line Drive, 9LS)
|
Batting: RHB Miguel Encarnación
|
0-0: Swinging Strike 0-1: SINGLE (Line Drive, 8LS) Arturo Rodríguez to second Runner from 2nd tries for 3rd, SAFE, throw made to third
|
Batting: LHB Robinson Fernández
|
0-0: Ball 1-0: Called Strike Pickoff Throw to First - Out! 1-1: SINGLE (Groundball, 5D) Arturo Rodríguez scores
|
Batting: RHB Andy Aiton
|
0-0: Ball 1-0: Ball 2-0: Foul Ball, location: 2F 2-1: Grounds into double play, 6-4-3 (Groundball, 6)
|
Bottom of the 4th over - 1 run(s), 3 hit(s), 0 error(s), 0 left on base; Kansas City 0 - Kalamazoo 1 |
TOP OF THE 5TH |
Kansas City Kings batting - Pitching for Kalamazoo Royale with Cheese : RHP Miguel Angel Rodríguez
|
Batting: SHB José Cruz
|
0-0: Ball 1-0: Foul Ball, location: 2F 1-1: Ground out 6-3 (Groundball, 6S)
|
Batting: LHB Brian Boone
|
0-0: SINGLE (Line Drive, 3S)
|
Batting: LHB Ray Spencer
|
0-0: Ball 1-0: Foul Ball, location: 2F 1-1: Ball 2-1: Ball 3-1: Fielders Choice at 2nd, 4-6 (Groundball, 4M)
|
Batting: RHB Eric Fuller
|
0-0: Called Strike 0-1: Called Strike Ray Spencer steals 2nd base 0-2: Ball 1-2: Ball 2-2: Foul Ball, location: 2F 2-2: Ball 3-2: Strikes out swinging
|
Top of the 5th over - 0 run(s), 1 hit(s), 0 error(s), 1 left on base; Kansas City 0 - Kalamazoo 1 |
BOTTOM OF THE 5TH |
Kalamazoo Royale with Cheese batting - Pitching for Kansas City Kings : LHP Jesús López
|
Batting: RHB Run-ming Zhu
|
0-0: Fly out, F8 (Flyball, 8LS)
|
Batting: LHB Vincente Sáenz
|
0-0: Ball 1-0: Swinging Strike 1-1: Called Strike 1-2: Ball 2-2: Ball 3-2: Base on Balls
|
Batting: LHB David Richardson
|
0-0: Called Strike 0-1: Swinging Strike 0-2: Foul Ball, location: 2F 0-2: Ball 1-2: Ball 2-2: Strikes out looking
|
Batting: RHB Pedro Rosado
|
0-0: Fly out, F8 (Flyball, 8RM)
|
Bottom of the 5th over - 0 run(s), 0 hit(s), 0 error(s), 1 left on base; Kansas City 0 - Kalamazoo 1 |
TOP OF THE 6TH |
Kansas City Kings batting - Pitching for Kalamazoo Royale with Cheese : RHP Miguel Angel Rodríguez
|
Batting: RHB Raúl Bruno
|
0-0: Called Strike 0-1: Called Strike 0-2: Foul Ball, location: 2F 0-2: Ball 1-2: Ground out 5-3 (Groundball, 56)
|
Batting: RHB Chris Chandler
|
0-0: Swinging Strike 0-1: Foul Ball, location: 2F 0-2: Ball 1-2: Strikes out swinging
|
Batting: SHB António De La Cruz
|
0-0: Called Strike 0-1: Fly out, F8 (Line Drive, 89D)
|
Top of the 6th over - 0 run(s), 0 hit(s), 0 error(s), 0 left on base; Kansas City 0 - Kalamazoo 1 |
BOTTOM OF THE 6TH |
Kalamazoo Royale with Cheese batting - Pitching for Kansas City Kings : LHP Jesús López
|
Batting: RHB Jonathan MacVey
|
0-0: Called Strike 0-1: Ball 1-1: Ball 2-1: Foul Ball, location: 2F 2-2: Strikes out looking
|
Batting: RHB Arturo Rodríguez
|
0-0: Foul Ball, location: 2F 0-1: Ball 1-1: Ground out 6-3 (Groundball, 56D)
|
Batting: RHB Miguel Encarnación
|
0-0: Ball 1-0: Reached on error, E1 (Groundball, 15S)
|
Batting: LHB Robinson Fernández
|
0-0: Ball 1-0: Foul Ball, location: 2F 1-1: SINGLE (Line Drive, 56D) Miguel Encarnación to third Runner from 3rd tries for Home, throw and OUT!
|
Bottom of the 6th over - 0 run(s), 1 hit(s), 1 error(s), 1 left on base; Kansas City 0 - Kalamazoo 1 |
TOP OF THE 7TH |
Kansas City Kings batting - Pitching for Kalamazoo Royale with Cheese : RHP Miguel Angel Rodríguez
|
Batting: RHB Toshimichi Kono
|
0-0: Foul Ball, location: 2F 0-1: Ball 1-1: Called Strike 1-2: SOLO HOME RUN (Flyball, 7LD), Distance : 345 ft
|
Batting: LHB Pablo Reyes
|
0-0: Fly out, F8 (Flyball, 8LD)
|
Batting: SHB José Cruz
|
0-0: Called Strike 0-1: Foul Ball, location: 2F 0-2: Ball 1-2: Ball 2-2: Ball 3-2: Foul Ball, location: 2F 3-2: Ground out 6-3 (Groundball, 6M)
|
Batting: LHB Brian Boone
|
0-0: Ball 1-0: Ball 2-0: Foul Ball, location: 2F 2-1: SINGLE (Groundball, 4MD)
|
Batting: LHB Ray Spencer
|
0-0: Ball 1-0: Called Strike Brian Boone steals 2nd base 1-1: Swinging Strike 1-2: Ball 2-2: Foul Ball, location: 2F 2-2: Fly out, F8 (Flyball, 8RS)
|
Top of the 7th over - 1 run(s), 2 hit(s), 0 error(s), 1 left on base; Kansas City 1 - Kalamazoo 1 |
BOTTOM OF THE 7TH |
Kalamazoo Royale with Cheese batting - Pitching for Kansas City Kings : LHP Jesús López
|
Batting: RHB Andy Aiton
|
0-0: Ball 1-0: Ball 2-0: Called Strike 2-1: Swinging Strike 2-2: Foul Ball, location: 2F 2-2: Fly out, F4 (Popup, 34D)
|
Batting: RHB Run-ming Zhu
|
0-0: Ball 1-0: Foul Ball, location: 2F 1-1: Ball 2-1: Ground out U3 (Groundball, 3)
|
Batting: LHB Vincente Sáenz
|
0-0: Ball 1-0: Ball 2-0: Ball 3-0: Foul Ball, location: 2F 3-1: Base on Balls
|
Batting: LHB David Richardson
|
0-0: Called Strike 0-1: Swinging Strike 0-2: Fly out, F4 (Popup, 4MD)
|
Bottom of the 7th over - 0 run(s), 0 hit(s), 0 error(s), 1 left on base; Kansas City 1 - Kalamazoo 1 |
TOP OF THE 8TH |
Kansas City Kings batting - Pitching for Kalamazoo Royale with Cheese : RHP Miguel Angel Rodríguez
|
Pinch Hitting: LHB Bruno Lalonde
|
0-0: Called Strike 0-1: Swinging Strike 0-2: Foul Ball, location: 2F 0-2: Ball 1-2: Strikes out looking
|
Pinch Hitting: SHB John Miller
|
0-0: Foul Ball, location: 2F 0-1: Called Strike 0-2: Ball 1-2: Ground out 4-3 (Groundball, 34)
|
Batting: RHB Chris Chandler
|
0-0: Called Strike 0-1: Foul Ball, location: 2F 0-2: Foul Ball, location: 2F 0-2: Ball 1-2: Ball 2-2: Ground out 1-3 (Groundball, P)
|
Top of the 8th over - 0 run(s), 0 hit(s), 0 error(s), 0 left on base; Kansas City 1 - Kalamazoo 1 |
BOTTOM OF THE 8TH |
Kalamazoo Royale with Cheese batting - Pitching for Kansas City Kings : LHP Jesús López
|
Now at 3B: John Miller
|
|
Now at SS: Bruno Lalonde
|
|
Batting: RHB Pedro Rosado
|
0-0: Called Strike 0-1: Ball 1-1: Foul Ball, location: 2F 1-2: Ball 2-2: Strikes out swinging
|
Batting: RHB Jonathan MacVey
|
0-0: Called Strike 0-1: Ball 1-1: SINGLE (Line Drive, 7LS)
|
Batting: RHB Arturo Rodríguez
|
0-0: Ball 1-0: Ball 2-0: Ball 3-0: Base on Balls Jonathan MacVey to second
|
Pitching: RHP Nariaki Tanaka
|
|
Batting: RHB Miguel Encarnación
|
0-0: Foul Ball, location: 2F 0-1: Reached on error, E6 (Groundball, 6) Jonathan MacVey to third Arturo Rodríguez to second
|
Pitching: LHP Francisco Moreno
|
|
Batting: LHB Robinson Fernández
|
0-0: Foul Ball, location: 2F 0-1: Ball 1-1: Ball 2-1: Ball 3-1: Fly out, F8 (Line Drive, 8LS) Runner from 3rd tags up, SCORES, no throw
|
Pitching: RHP Mike Hodges
|
|
Batting: RHB Andy Aiton
|
0-0: Ball 1-0: Fly out, F9 (Flyball, 89D)
|
Bottom of the 8th over - 1 run(s), 1 hit(s), 1 error(s), 2 left on base; Kansas City 1 - Kalamazoo 2 |
TOP OF THE 9TH |
Kansas City Kings batting - Pitching for Kalamazoo Royale with Cheese : RHP Miguel Angel Rodríguez
|
Pitching: RHP Rikiya Sakurai
|
|
Batting: SHB António De La Cruz
|
0-0: Ball 1-0: Called Strike 1-1: SINGLE (Line Drive, 6M)
|
Batting: RHB Toshimichi Kono
|
0-0: Ball 1-0: Foul Ball, location: 2F 1-1: Swinging Strike 1-2: Foul Ball, location: 2F 1-2: Strikes out swinging
|
Batting: LHB Pablo Reyes
|
0-0: DOUBLE (Line Drive, 78M) António De La Cruz to third
|
Batting: SHB José Cruz
|
0-0: Ball 1-0: Called Strike 1-1: Ball 2-1: Ball 3-1: Called Strike 3-2: Fly out, F8 (Flyball, 89XD) Runner from 3rd tags up, SCORES, no throw Pablo Reyes to third
|
Batting: LHB Brian Boone
|
0-0: Ground out 6-3 (Groundball, 6)
|
Top of the 9th over - 1 run(s), 2 hit(s), 0 error(s), 1 left on base; Kansas City 2 - Kalamazoo 2 |
BOTTOM OF THE 9TH |
Kalamazoo Royale with Cheese batting - Pitching for Kansas City Kings : RHP Mike Hodges
|
Batting: RHB Run-ming Zhu
|
0-0: Called Strike 0-1: Foul Ball, location: 2F 0-2: Ball 1-2: Fly out, F9 (Line Drive, 9LD)
|
Batting: LHB Vincente Sáenz
|
0-0: Called Strike 0-1: Called Strike 0-2: Ball 1-2: Fly out, F9 (Flyball, 9S)
|
Batting: LHB David Richardson
|
0-0: Swinging Strike 0-1: Ball 1-1: SINGLE (Groundball, 6D)
|
Batting: RHB Pedro Rosado
|
0-0: Fly out, F9 (Flyball, 9LS)
|
Bottom of the 9th over - 0 run(s), 1 hit(s), 0 error(s), 1 left on base; Kansas City 2 - Kalamazoo 2 |
TOP OF THE 10TH |
Kansas City Kings batting - Pitching for Kalamazoo Royale with Cheese : RHP Rikiya Sakurai
|
Batting: LHB Ray Spencer
|
0-0: Ball 1-0: Called Strike 1-1: Ball 2-1: Foul Ball, location: 2F 2-2: Ball 3-2: Fly out, F8 (Flyball, 8RD)
|
Batting: LHB Bruno Lalonde
|
0-0: Ball 1-0: Ball 2-0: Swinging Strike 2-1: Swinging Strike 2-2: Ball 3-2: Strikes out swinging
|
Batting: SHB John Miller
|
0-0: Called Strike 0-1: Ball 1-1: Ball 2-1: Foul Ball, location: 2F 2-2: DOUBLE (Line Drive, 9LM)
|
Pitching: RHP José Ruíz
|
|
Batting: RHB Chris Chandler
|
0-0: Ball 1-0: Called Strike 1-1: Ball 2-1: Ball 3-1: Foul Ball, location: 2F 3-2: Base on Balls
|
Batting: SHB António De La Cruz
|
0-0: Swinging Strike 0-1: Swinging Strike 0-2: Ball 1-2: Ball 2-2: Foul Ball, location: 2F 2-2: Foul Ball, location: 2F 2-2: Ball 3-2: Foul Ball, location: 2F 3-2: Base on Balls John Miller to third Chris Chandler to second
|
Batting: RHB Toshimichi Kono
|
0-0: Fielders Choice at 2nd, 4-6 (Groundball, 4)
|
Top of the 10th over - 0 run(s), 1 hit(s), 0 error(s), 2 left on base; Kansas City 2 - Kalamazoo 2 |
BOTTOM OF THE 10TH |
Kalamazoo Royale with Cheese batting - Pitching for Kansas City Kings : RHP Mike Hodges
|
Batting: RHB Jonathan MacVey
|
0-0: Foul Ball, location: 2F 0-1: Ball 1-1: Ball 2-1: Called Strike 2-2: Ball 3-2: Fly out, F8 (Line Drive, 8LS)
|
Batting: RHB Arturo Rodríguez
|
0-0: Called Strike 0-1: Foul Ball, location: 2F 0-2: Ball 1-2: Ball 2-2: Foul Ball, location: 2F 2-2: Reached on error, E1 (Groundball, 13)
|
Batting: RHB Miguel Encarnación
|
0-0: Ball Wild Pitch! Arturo Rodríguez to second 1-0: Foul Ball, location: 2F 1-1: Fly out, F8 (Line Drive, 8RM)
|
Batting: LHB Robinson Fernández
|
0-0: Ball 1-0: Ball 2-0: Ball 3-0: Called Strike 3-1: Base on Balls
|
Batting: RHB Andy Aiton
|
0-0: Swinging Strike 0-1: Foul Ball, location: 2F 0-2: Ball 1-2: Reached on error, E6 (Groundball, 6S) Arturo Rodríguez to third Robinson Fernández to second
|
Pitching: LHP Ignacio Colón
|
|
Batting: RHB Run-ming Zhu
|
0-0: Called Strike 0-1: Swinging Strike 0-2: Foul Ball, location: 2F 0-2: Ball 1-2: Fly out, F8 (Flyball, 8LM)
|
Bottom of the 10th over - 0 run(s), 0 hit(s), 2 error(s), 3 left on base; Kansas City 2 - Kalamazoo 2 |
TOP OF THE 11TH |
Kansas City Kings batting - Pitching for Kalamazoo Royale with Cheese : RHP José Ruíz
|
Batting: LHB Pablo Reyes
|
0-0: Called Strike 0-1: Called Strike 0-2: Fly out, F8 (Flyball, 8LM)
|
Batting: SHB José Cruz
|
0-0: Swinging Strike 0-1: Swinging Strike 0-2: Strikes out swinging, 2-3 out at first.
|
Batting: LHB Brian Boone
|
0-0: Called Strike 0-1: Ground out U3 (Groundball, 34)
|
Top of the 11th over - 0 run(s), 0 hit(s), 0 error(s), 0 left on base; Kansas City 2 - Kalamazoo 2 |
BOTTOM OF THE 11TH |
Kalamazoo Royale with Cheese batting - Pitching for Kansas City Kings : LHP Ignacio Colón
|
Pinch Hitting: RHB Alfredo Cortéz
|
0-0: Called Strike 0-1: Ball 1-1: SINGLE (Line Drive, 4D)
|
Batting: LHB David Richardson
|
0-0: Called Strike 0-1: Ball 1-1: Foul Ball, location: 2F 1-2: Strikes out looking
|
Batting: RHB Pedro Rosado
|
0-0: Grounds into double play, 6-4-3 (Groundball, 6)
|
Bottom of the 11th over - 0 run(s), 1 hit(s), 0 error(s), 0 left on base; Kansas City 2 - Kalamazoo 2 |
TOP OF THE 12TH |
Kansas City Kings batting - Pitching for Kalamazoo Royale with Cheese : RHP José Ruíz
|
Now at 1B: Al Mills
|
|
Batting: LHB Ray Spencer
|
0-0: Called Strike 0-1: Ball 1-1: SINGLE (Groundball, 34D)
|
Batting: LHB Bruno Lalonde
|
0-0: Ball 1-0: Ball 2-0: Sac Bunt - play at first, batter OUT! 1-4 Ray Spencer to second
|
Batting: SHB John Miller
|
0-0: Ball 1-0: Ball 2-0: Foul Ball, location: 2F 2-1: Called Strike 2-2: Ball 3-2: Foul Ball, location: 2F 3-2: Base on Balls
|
Batting: RHB Chris Chandler
|
0-0: Ball 1-0: Ball 2-0: Ball 3-0: Called Strike 3-1: Grounds into double play, 6-4-3 (Groundball, 6D)
|
Top of the 12th over - 0 run(s), 1 hit(s), 0 error(s), 1 left on base; Kansas City 2 - Kalamazoo 2 |
BOTTOM OF THE 12TH |
Kalamazoo Royale with Cheese batting - Pitching for Kansas City Kings : LHP Ignacio Colón
|
Batting: RHB Jonathan MacVey
|
0-0: Ball 1-0: Fly out, F8 (Flyball, 8RS)
|
Batting: RHB Arturo Rodríguez
|
0-0: Ball 1-0: Swinging Strike 1-1: Ball 2-1: Fly out, F9 (Flyball, 9LDF)
|
Batting: RHB Miguel Encarnación
|
0-0: Called Strike 0-1: Foul Ball, location: 2F 0-2: Strikes out swinging
|
Bottom of the 12th over - 0 run(s), 0 hit(s), 0 error(s), 0 left on base; Kansas City 2 - Kalamazoo 2 |
TOP OF THE 13TH |
Kansas City Kings batting - Pitching for Kalamazoo Royale with Cheese : RHP José Ruíz
|
Batting: SHB António De La Cruz
|
0-0: Called Strike 0-1: Swinging Strike 0-2: Strikes out swinging
|
Batting: RHB Toshimichi Kono
|
0-0: Called Strike 0-1: Ball 1-1: Ground out 6-3 (Groundball, 6)
|
Batting: LHB Pablo Reyes
|
0-0: Ground out 5-3 (Groundball, 56)
|
Top of the 13th over - 0 run(s), 0 hit(s), 0 error(s), 0 left on base; Kansas City 2 - Kalamazoo 2 |
BOTTOM OF THE 13TH |
Kalamazoo Royale with Cheese batting - Pitching for Kansas City Kings : LHP Ignacio Colón
|
Pitching: RHP Adrián Serrano
|
|
Batting: LHB Robinson Fernández
|
0-0: Called Strike 0-1: DOUBLE (Groundball, 5L)
|
Batting: RHB Andy Aiton
|
0-0: Ball 1-0: Ground out 4-3 (Groundball, 4) Robinson Fernández to third
|
Batting: RHB Run-ming Zhu
|
0-0: Intentional Walk
|
Batting: LHB Al Mills
|
0-0: Called Strike 0-1: Ball 1-1: Fly out, F7 (Flyball, 7LS)
|
Batting: LHB David Richardson
|
0-0: Called Strike 0-1: Ball 1-1: Foul Ball, location: 2F 1-2: Foul Ball, location: 2F 1-2: Ball 2-2: Ball 3-2: 3-RUN HOME RUN (Flyball, 9LD), Distance : 356 ft
|
Thursday, March 30th, 2017 - OOTP Baseball 17.12 Build 75
|
|